 Dungeon Crawl Stone Soup version 0.30-a0-364-gf6b3ef1049 (webtiles) character file.

Game seed: 15615244532122491290

12 mcwallace the Vexing (level 2, -8/20 HPs)
             Began as a Vampire Enchanter on Nov 16, 2022.
             Killed by divine providence
             ... invoked by an orc priest
              (15 damage)
             ... on level 2 of the Dungeon.
             The game lasted 00:01:37 (584 turns).

mcwallace the Vexing (Vampire Enchanter)             Turns: 584, Time: 00:01:37

Health: -8/20      AC:  2    Str:  7    XL:     2   Next: 20%
Magic:  5/5        EV: 10    Int: 17    God:
Gold:   66         SH:  7    Dex: 14    Spells: 5/5 levels left

rFire   . . .      SeeInvis +    a - +1 dagger {short}
rCold   . . .      Faith    .    k - +0 kite shield
rNeg    . . .      Spirit   .    b - +0 robe
rPois   .          Reflect  .    (no helmet)
rElec   .          Harm     .    (no cloak)
rCorr   .          Rampage  .    (no gloves)
Will    .....                    (no boots)
Stlth   +++.......               (no amulet)
HPRegen 0.43/turn                (no ring)
MPRegen 0.09/turn                (no ring)

@: mighty, healing quickly
A: alive, fangs 3, see invisible, vampiric 1
a: Exsanguinate


You were on level 2 of the Dungeon.
You visited 1 branch of the dungeon, and saw 2 of its levels.

You collected 66 gold pieces.


Innate Abilities, Weirdness & Mutations

Your natural rate of healing is accelerated.
You have razor-sharp teeth.
You have supernaturally acute eyesight. (SInv)
You are afflicted with vampirism.


   Skills:
 + Level 0.3 Fighting
 + Level 1.4 Short Blades
 + Level 2.4 Dodging
 + Level 4.5 Stealth
 + Level 0.2 Shields
 + Level 2.1 Spellcasting
 + Level 4.6 Hexes


You had 5 spell levels left.
You didn't know any spells.
Your spell library contained the following spells:

 Spells                   Type           Power      Damage    Failure   Level
 Confusing Touch          Hex            17%        N/A       30%         3
 Tukima's Dance           Hex            17%        N/A       30%         3
 Ensorcelled Hibernation  Hex/Ice        18%        N/A       36%         2
 Dazzling Flash           Conj/Hex       18%        N/A       61%         3

Inventory:

Hand Weapons
 a - a +1 dagger (weapon) {short}
Missiles
 f - 5 stones (quivered) {throwing}
 j - 2 atropa-tipped darts {throwing}
 r - 3 poisoned darts {throwing}
Armour
 b - a +0 robe (worn)
 h - a +0 robe
   (You found it on level 1 of the Dungeon)
 k - a +0 kite shield (worn)
   (You found it on level 1 of the Dungeon)
 s - a +0 leather armour
   (You found it on level 1 of the Dungeon)
Scrolls
 d - a scroll of fear {unknown}
 e - a scroll of immolation {unknown}
 g - a scroll of noise {unknown}
 n - a scroll of identify {unknown}
 o - a scroll of amnesia {unknown}
 p - a scroll of blinking {unknown}
Potions
 c - 2 potions of invisibility
 i - a potion of might
 m - a potion of haste {unknown}
 q - a potion of degeneration {unknown}

Dungeon Overview and Level Annotations

Branches:
Dungeon (2/15) Zot: 11407

Altars:

#. . #. ## .o #.
.## ..o #. ..##
..o. #. ...#
.....#.#####...####
.....o.o.oS@.......
....o.!.####...####
........# #.##
......... .#
#####..### # #.# ..
###


You could see 3 orc priests, an adder and an orc.


Message History

You are too injured to fight recklessly!
The bat hits you but does no damage. You block the bat's attack.
The bat barely misses you. 😮 HP[+1]
The bat barely misses you.
You hit the bat but do no damage. The bat hits you. The bat barely misses you.
You block the bat's attack. You block the bat's attack. 😕 HP[+1]
The bat barely misses you.
You miss the bat. You bite the bat, but do no damage. The bat hits you.
You block the bat's attack. The bat hits you. 😮 HP[-1]
You take 1 damage, and now have 14/19 hp.
The bat attacks as you move away! You block the bat's attack.
The bat hits you. 😮 HP[-1]
You take 1 damage, and now have 13/19 hp.
The bat hits you. The bat closely misses you.
There is a stone staircase leading down here.
You hit the bat.
You kill the bat! 😮 HP[+2]
You now have 20 max hp (+1).
You regained 2 hp, and now have 15/20 hp.
There is a stone staircase leading down here.
r - 3 poisoned darts {throwing} 😎 HP[+5]
Your hp is fully restored (20).
Key pressed, stopping explore.
Key pressed, stopping explore.
s - a +0 leather armour Key pressed, stopping explore.
Key pressed, stopping explore.
Key pressed, stopping explore.
Key pressed, stopping explore.
Done exploring.
Done exploring.
Done exploring.
There is a stone staircase leading down here.
You climb downwards.
There is a stone staircase leading up here.
Unknown command.
Unknown command.
An adder comes into view.
An adder is nearby!
An orc priest comes into view. It is wielding a +0 club.
The orc priest shouts!
The adder hisses angrily.
An orc comes into view. It is wielding a +0 short sword.
An orc priest comes into view. It is wielding a +0 hand axe.
The orc priest shouts!
The orc shouts!
You hit the adder. The adder closely misses you.
An orc wizard comes into view. It is wielding a +0 dagger.
You closely miss the adder. The adder closely misses you.
The orc priest mumbles some strange prayers to Beogh against you.
Beogh smites you!
Ouch! That really hurt!
* * * LOW HITPOINT WARNING * * *
The adder closely misses you. 😨 HP[-14]
You take 14 damage, and now have 6/20 hp.
MASSIVE DAMAGE!! (PAUSE)
The adder attacks as you move away! The adder barely misses you.
You don't know any spells.
Unknown command. 😨 HP[+1]
The adder attacks as you move away! The adder bites you.
* * * LOW HITPOINT WARNING * * *
The adder bites you.
* * * LOW HITPOINT WARNING * * *
You are lethally poisoned!
The adder poisons you!
There is a stone staircase leading up here. 😱 HP[-4]
You take 4 damage, and now have 3/20 hp.
Okay, then.
It was a potion of might.
You feel very mighty all of a sudden.
* * * LOW HITPOINT WARNING * * *
You feel sick. The adder barely misses you. 😱 HP[-1]
You take 1 damage, and now have 2/20 hp.
It was a potion of curing.
You feel better. The adder bites you.
* * * LOW HITPOINT WARNING * * *
😨 HP[+7]
You regained 7 hp, and now have 9/20 hp.
You puncture the adder! The adder closely misses you. The adder bites you.
* * * LOW HITPOINT WARNING * * *
😨 HP[-3]
You take 3 damage, and now have 6/20 hp.
You closely miss the adder. You block the adder's attack.
An orc priest comes into view.
It is wielding a +1 hand axe of flaming.
You barely miss the adder.
The orc priest shouts!
Your bite misses the adder. The adder closely misses you.
The orc priest mumbles some strange prayers to Beogh against you.
Beogh smites you!
Ouch! That really hurt!
You die...

Action                   || total
-------------------------++-------
Melee: Dagger            ||    72
       Bite              ||     9
Throw: Stone             ||     1
  Use: Potion            ||     2
 Stab: Sleeping          ||     2
Armor: Robe              ||    16
Dodge: Dodged            ||    48
Block: Kite shield       ||    32

Levels and vault maps discovered:
D:1:      roderic_crop_circles_arrival_large, layout_rooms,
          hangedman_decor_growths, chequers_garden
D:2:      cheibrodos_pilgrimage, layout_rooms, uniq_robin

Notes
Turn   | Place    | Note
-------+----------+-------------------------------------------
     0 | D:1      | mcwallace the Vampire Enchanter began the quest for the
                  | Orb.
     0 | D:1      | Reached XP level 1. HP: 13/13 MP: 3/3
     0 | D:1      | magus.rc [v1.9.6]
   369 | D:1      | Reached XP level 2. HP: 17/19 MP: 5/5
   579 | D:2      | HP: 3/20 [adder (3)]
   584 | D:2      | Killed from afar by an orc priest

Vanquished Creatures
  2 giant cockroaches (D:1)
  A hobgoblin (D:1)
  3 quokkas (D:1)
  3 bats (D:1)
  A kobold (D:1)
10 creatures vanquished.

Vanquished Creatures (others)
  A plant (D:1)
1 creature vanquished.

Grand Total: 11 creatures vanquished

Table legend:
 A = Non-vault XP
 B = Vault XP
 C = Vault XP percentage of total XP
 D = Non-vault monster count
 E = Vault monster count
 F = Vault count percentage of total count
                 A         B        C        D         E       F
            +---------+---------+-------+---------+---------+-------
      Total |      18 |       0 |   0.0 |      10 |       0 |   0.0
            +---------+---------+-------+---------+---------+-------
        D:1 |      18 |       0 |   0.0 |      10 |       0 |   0.0
            +---------+---------+-------+---------+---------+-------

Illustrated notes

Table legend:
 A = Kills in this place as a percentage of kills in entire the game.
 B = Kills by you in this place as a percentage of kills by you in the entire game.
 C = Kills by friends in this place as a percentage of kills by friends in the entire game.
 D = Other kills in this place as a percentage of other kills in the entire game.
 E = Experience gained in this place as a percentage of experience gained in the entire game.
 F = Experience gained in this place divided by the number of levels of this place that you have seen.
                   A       B       C       D       E      F
               +-------+-------+-------+-------+-------+----------------------
         Total | 100.0 | 100.0 |   N/A |   N/A | 100.0 |   9.0
       Dungeon | 100.0 | 100.0 |   N/A |   N/A | 100.0 |   9.0
               +-------+-------+-------+-------+-------+----------------------

Table legend: (Time is in decaauts)
 A = Elapsed time spent in this place.
 B = Non-inter-level travel time spent in this place.
 C = Inter-level travel time spent in this place.
 D = Time resting spent in this place.
 E = Time spent auto-exploring this place.
 F = Levels seen in this place.
 G = Mean time per level.
                   A        B        C        D        E       F      G
               +--------+--------+--------+--------+--------+-----+--------+
         Total |    591 |    573 |     18 |      0 |    400 |   2 |  295.5 |
       Dungeon |    591 |    573 |     18 |      0 |    400 |   2 |  295.5 |
               +--------+--------+--------+--------+--------+-----+--------+

Top non-repeatable levels by time:
     D:1: 575 daAuts
     D:2: 15 daAuts
